 Dungeon Crawl Stone Soup version 0.21-a0-440-g28109cb (webtiles) character file.

175 swagneto the Slasher (level 5, -1/33 HPs)
             Began as a Tengu Berserker on Nov 11, 2017.
             Was a Believer of Trog.
             Slain by spiderstring's ghost (12 damage)
             ... on level 3 of the Dungeon.
             The game lasted 00:02:21 (2265 turns).

swagneto the Slasher (Tengu Berserker)              Turns: 2265, Time: 00:02:22

Health: -1/33      AC:  2    Str: 17    XL:     5   Next: 55%
Magic:  6/6        EV: 13    Int:  8    God:    Trog [**....]
Gold:   107        SH:  0    Dex: 14    Spells: 4/4 levels left

rFire    . . .     SeeInvis .   a - +0 falchion
rCold    . . .     Gourm    .   (no shield)
rNeg     . . .     Faith    .   b - +0 animal skin
rPois    .         Spirit   .   (helmet restricted)
rElec    .         Reflect  .   (no cloak)
rCorr    .         Harm     .   (no gloves)
MR       .....                  (boots unavailable)
Stlth    +.........             (no amulet)
HPRegen  0.11/turn              (no ring)
MPRegen  0.10/turn              (no ring)

@: berserk cooldown, slowed, very slow
A: beak, talons 3, able to fly 1
a: Fly, Berserk, Trog's Hand, Burn Spellbooks, Renounce Religion


You were on level 3 of the Dungeon.
You worshipped Trog.
Trog was pleased with you.
You were very hungry.

You visited 1 branch of the dungeon, and saw 3 of its levels.

You collected 107 gold pieces.

Inventory:

Hand Weapons
 a - a +0 falchion (weapon)
Missiles
 i - 47 stones (quivered)
Armour
 b - a +0 animal skin (worn)
Jewellery
 j - an uncursed ring of protection from fire {unknown}
 k - an uncursed amulet of guardian spirit {unknown}
Wands
 u - a wand of random effects (22/48)
Scrolls
 d - 3 scrolls of teleportation {unknown}
 e - a scroll of enchant armour {unknown}
 g - 3 scrolls of immolation {unknown}
 n - a scroll of remove curse {unknown}
 o - 4 scrolls of identify {unknown}
 p - a scroll of recharging {unknown}
 r - a scroll of enchant weapon {unknown}
Potions
 l - a potion of curing
 m - a potion of degeneration {unknown}
 s - a potion of berserk rage
Books
 q - a book of Misfortune

   Spells                             Type                      Level
   a - Confusing Touch                Hexes                        1
   b - Confuse                        Hexes                        3
   c - Gell's Gravitas                Translocation                3
   d - Petrify                        Transmutation/Earth          4
   e - Metabolic Englaciation         Hexes/Ice                    5
   f - Yara's Violent Unravelling     Hexes/Transmutation          5
   Trog disapproves of the use of such an item.
Comestibles
 c - 2 bread rations
 f - 3 fruits
 h - 3 royal jellies
 t - a chunk of flesh


   Skills:
 + Level 3.9 Fighting
 * Level 5.2 Long Blades
 - Level 2.1 Armour
 + Level 3.5 Dodging


You had 4 spell levels left.
You didn't know any spells.

Dungeon Overview and Level Annotations

Branches:
Dungeon (3/15)

Altars:
Gozag
Makhleb
The Shining One

Annotations:
D:3 spiderstring's ghost, amateur TeBe


Innate Abilities, Weirdness & Mutations

You have a beak for a mouth.
You have claws for feet.
You can fly.


Message History

You feel a bit more experienced.
Spiderstring's ghost (amateur Tengu Berserker) comes into view.
It is wielding a weapon of electrocution.
Spiderstring's ghost turns its malevolent gaze towards you.
Things that are here:
a falchion; a ring mail; an orc corpse You feel a strong urge to attack something.
You are no longer berserk.
You are exhausted.
You feel yourself slow down.
Things that are here:
a falchion; a ring mail; an orc corpse You butcher the orc corpse.
Items here: % ) [ รท a falchion; a ring mail; 4 chunks of flesh; an orc skeleton Unknown command.
It was a potion of curing.
You feel better.
It was a potion of berserk rage.
You're still recovering from your berserk rage.
Spiderstring's ghost hits you.
You are electrocuted!
You die...

#.........>######.
#.......)).# #..
#..........# #.#
#..........# #.# .
###### #..........#
#.#
...#....###..........#
#.#
........).#..........#
#.#
###....)...###.######
#.# #......##W@###.#
#.# ...#....###.....#
#.# ...o.#### ##....#
#.# ...o# #....# #.#
###. #)...# #.# #
###### #.# #.# #.# ..
#.#


You could see spiderstring's ghost.

Vanquished Creatures
  An orc priest (D:3)
  4 gnolls (D:3)
  3 adders
  An ooze (D:1)
  An adder zombie (D:3)
  A worm (D:2)
  2 leopard geckos (D:1)
  7 orcs (D:3)
  A ball python (D:1)
  3 giant cockroaches
  5 goblins
  7 hobgoblins
  2 jackals (D:1)
  4 kobolds
  12 bats
  A frilled lizard (D:1)
  7 rats
62 creatures vanquished.

Notes
Turn   | Place    | Note
-------+----------+-------------------------------------------
     0 | D:1      | swagneto the Tengu Berserker began the quest for the Orb.
     0 | D:1      | Reached XP level 1. HP: 14/14 MP: 2/2
   158 | D:1      | Reached XP level 2. HP: 19/19 MP: 3/3
   679 | D:1      | Reached skill level 4 in Long Blades
   679 | D:1      | Reached XP level 3. HP: 23/23 MP: 4/4
   841 | D:1      | Reached ** piety under Trog
  1300 | D:2      | Found a glowing golden altar of the Shining One.
  1466 | D:2      | Found a burning altar of Makhleb.
  1505 | D:2      | Reached XP level 4. HP: 12/28 MP: 5/5
  2056 | D:3      | Found an opulent altar of Gozag.
  2072 | D:3      | Gained mutation: You can fly. [Tengu growth]
  2072 | D:3      | Reached XP level 5. HP: 33/33 MP: 6/6
  2193 | D:3      | Reached skill level 5 in Long Blades
  2260 | D:3      | Noticed spiderstring's ghost (amateur TeBe)
  2265 | D:3      | Slain by spiderstring's ghost

Vault maps used:
D:1:      dpeg_arrival_short_road
D:2:      old_standard_altar, nicolae_overflow_crystal_walls,
          minmay_split_cup_small
D:3:      overflow_temple_1_default, first_bread, makhleb_heckhound_becter

Skill      XL: |  1  2  3  4  5 |
---------------+----------------+-----
Long Blades    | 4 5 |  5.2
Dodging        | 3 |  3.5
Fighting       | |  3.9
Armour         | |  2.1

Action                   |  1- 3 |  4- 6 || total
-------------------------+-------+-------++-------
Melee: Falchion          |    60 |    45 ||   105
       Kick              |    19 |    12 ||    31
       Peck              |    14 |     9 ||    23
Invok: Berserk           |       |     2 ||     2
 Abil: Fly               |       |     2 ||     2
  Use: Potion            |       |     2 ||     2
 Stab: Sleeping          |     1 |     2 ||     3
  Eat: Chunk             |     2 |     3 ||     5
Armor: Animal skin       |     4 |     4 ||     8
Dodge: Dodged            |    39 |    37 ||    76
       Rpst.: Falchion   |    13 |    13 ||    26

Table legend:
 A = Spawn XP
 B = Non-spawn XP
 C = Spawn XP percentage of total XP
 D = Spawn monster count
 E = Non-spawn monster count
 F = Spawn count percentage of total count
 G = Total turns spent on level
                    A         B        C        D         E        F      G
               +---------+---------+-------+---------+---------+-------+---------
         Total |       0 |     250 |   0.0 |       0 |      62 |   0.0 |  2265
               +---------+---------+-------+---------+---------+-------+---------
           D:1 |       0 |      50 |   0.0 |       0 |      26 |   0.0 |  1192
           D:2 |       0 |      51 |   0.0 |       0 |      15 |   0.0 |   864
           D:3 |       0 |     149 |   0.0 |       0 |      21 |   0.0 |   209
               +---------+---------+-------+---------+---------+-------+---------
